 Dungeon Crawl Stone Soup version 0.31-a0-702-gf82c85558f (webtiles) character file.

Game seed: 1576658290094228067

53582 qw the Marksgargoyle (level 14, -1/92 HPs)
             Began as a Gargoyle Hunter on Sept 7, 2023.
             Was an Elder of Okawaru.
             Slain by Rupert
             ... wielding a +2 great mace of protection
              (14 damage)
             ... on level 5 of the Lair of Beasts.
             The game lasted 00:07:39 (15258 turns).

qw the Marksgargoyle (Gargoyle Hunter)             Turns: 15258, Time: 00:07:39

Health: -1/92      AC: 24    Str: 21    XL:     14   Next: 69%
Magic:  20/21      EV: 29    Int: 11    God:    Okawaru [****..]
Gold:   912        SH:  0    Dex: 32    Spells: 13/13 levels left

rFire   . . .        Y - +1 longbow
rCold   + . .        (shield currently unavailable)
rNeg    + . .        o - +1 leather armour of the Unbroken {rC+ Str+3}
rPois   inf          p - +0 helmet
rElec   +            k - +2 cloak "Lirch" {Will+ Dex+3}
rCorr   .            a - +1 pair of gloves
SInv    .            b - +0 pair of boots
Will    +++..        (no amulet)
Stlth   ++++         t - ring of Uptine {Will+ Str+3 Dex+6}
HPRegen 0.35/turn    c - +6 ring of dexterity
MPRegen 0.17/turn

%: no passive effects
@: about to teleport, heroic, flying
A: sickness immunity, AC +10, big wings, negative energy resistance 1,
electricity resistance, torment resistance 1, petrification resistance
a: Renounce Religion, Heroism, Finesse


You were on level 5 of the Lair of Beasts.
You worshipped Okawaru.
Okawaru was greatly pleased with you.
You visited 3 branches of the dungeon, and saw 17 of its levels.
You also visited: Gauntlet.

You collected 1227 gold pieces.
You spent 315 gold pieces at shops.


Innate Abilities, Weirdness & Mutations

You are immune to sickness and miasma.
Your stone body is resilient. (AC +10)
You are immune to poison.
Your large and strong wings let you fly.
You resist negative energy. (rN+)
You are resistant to electric shocks. (rElec)
You are resistant to unholy torment.
You are immune to petrification.


   Skills:
 - Level 12.0(17.0) Fighting
 - Level 18.0(23.0) Ranged Weapons
 + Level 5.7(10.7) Armour
 - Level 9.4(14.4) Dodging
 - Level 1.1(6.1) Stealth
 - Level 10.0 Invocations


You had 13 spell levels left.
You didn't know any spells.
Your spell library was empty.

Inventory:

Hand Weapons
 Y - a +1 longbow (weapon)
Armour
 a - a +1 pair of gloves (worn)
 b - a +0 pair of boots (worn)
 k - the +2 cloak "Lirch" (worn) {Will+ Dex+3}
   (Okawaru gifted it to you on level 4 of the Lair of Beasts)

   Dex+3:     It affects your dexterity (+3).
   Will+:     It increases your willpower.
 o - the +1 leather armour of the Unbroken (worn) {rC+ Str+3}
   (You found it on level 8 of the Dungeon)

   Str+3:     It affects your strength (+3).
   rC+:       It protects you from cold.
 p - a +0 helmet (worn)
 r - a scarf of resistance
 v - +0 acid dragon scales
Jewellery
 c - a +6 ring of dexterity (right hand)
 l - a +4 ring of protection
 s - a +6 ring of strength
 t - the ring of Uptine (left hand) {Will+ Str+3 Dex+6}
   (You found it in a Gauntlet)

   [ring of dexterity]

   Str+3:     It affects your strength (+3).
   Dex+6:     It affects your dexterity (+6).
   Will+:     It increases your willpower.
Scrolls
 g - 4 scrolls of teleportation
 j - 7 scrolls of identify
Potions
 d - 8 potions of haste
 e - a potion of magic
 f - 7 potions of curing
 h - 5 potions of enlightenment
 i - 2 potions of mutation
 m - a potion of resistance
 n - 2 potions of cancellation
 q - a potion of might

Dungeon Overview and Level Annotations

Branches:
Dungeon (11/15)            Temple (1/1) D:4            Lair (5/5) D:11
  Swamp (0/4) Lair:2       Spider (0/4) Lair:2        Slime (0/5) Lair:5
    Orc (0/2) D:11        Gauntlet (visited)

Altars:
Ashenzari
Cheibriados
Dithmenos
Elyvilon
Fedhas
Gozag
Hepliaklqana
Kikubaaqudgha
Makhleb
Nemelex Xobeh
Okawaru
Qazlal
Ru
Sif Muna
Trog
Uskayaw
Vehumet
Wu Jian
Xom
Yredelemnul
Zin
The Shining One

Shops:
D:1 *?*   D:5 !   D:7 [

Annotations:
D:9 1 runed translucent door, qw's ghost, novice GrHs
Lair:5 Rupert


Message History

15247 ||| INVOKING Heroism.
You gain the combat prowess of a mighty hero.
Rupert yells loudly at you. You resist with almost no effort.
You shoot an arrow. The arrow closely misses Rupert.
You shoot an arrow.
The arrow hits Rupert but does no damage.
Rupert is lightly wounded.
You shoot an arrow. The arrow barely misses Rupert.
A spriggan comes into view. It is wielding a +0 short sword.
Rupert roars madly and goes into a rage!
Rupert goes berserk!
You shoot an arrow. The arrow completely misses Rupert.
The spriggan shouts!
You shoot an arrow. The arrow hits Rupert!
Rupert is moderately wounded.
You shoot an arrow. The arrow hits Rupert!
Rupert is moderately wounded.
Rupert hits you with a +2 great mace of protection!
The spriggan throws a stone.
The stone misses you.
You shoot an arrow. The arrow hits Rupert.
Rupert is moderately wounded.
Rupert closely misses you.
Rupert hits you with a +2 great mace of protection!
You shoot an arrow. The arrow hits Rupert!
Rupert is heavily wounded.
Rupert hits you with a +2 great mace of protection!!
You shoot an arrow. The arrow hits Rupert!!
Rupert is heavily wounded.
The spriggan throws a stone.
The stone hits you but does no damage. Rupert completely misses you.
You shoot an arrow. The arrow hits Rupert!!
Rupert is severely wounded.
Rupert hits you with a +2 great mace of protection!!
15258 ||| READING 5 scrolls of teleportation.
As you read the scroll of teleportation, it crumbles to dust.
You feel strangely unstable.
Rupert hits you with a +2 great mace of protection!
You die...
Rupert roars with triumph.

..7...........#####..............
P............## ###.............
.....###...#.# ..##.##.##.......
7...##.#.#...##.>.##..###......##
.........##..'%...##..###.....###
....#........#######. ........###
.............## ............
.....+.....#..#####..............
.....#.....#....@@.....# #....#.#
...P...................# #.....##
...P..#..#.#P..i###...####....###
....# #####.......#######......#.
....##. ..##...P...#.#.#........
...... .........................
...... ... ......................
...# ##........................
...#### ##....##..#%.=.....P.


You could see Rupert (berserk) and a spriggan.

Vanquished Creatures
  A minotaur (Gauntlet)
  3 hydras
  2 two-headed ogres
  9 death yaks
  A skyshark (Lair:3)
  A large abomination (Lair:5)
  A swamp dragon (Lair:2)
  2 deep elf pyromancers (D:11)
  2 ugly things (D:11)
  6 elephants (Lair:5)
  A cyclops (D:11)
  6 black mambas
  9 cane toads
  Jeremiah (D:9)
  A torpor snail (Lair:5)
  2 smoke demons (Lair:5)
  3 rime drakes
  An unseen horror (D:11)
  6 komodo dragons
  A minotaur zombie (Gauntlet)
  4 polar bears
  2 queen bees
  34 blink frogs
  A raiju (Lair:5)
  12 dream sheep
  A ynoxinul (Lair:5)
  2 spriggans
  14 flying skulls (Gauntlet)
  2 shadows
  5 wyverns
  24 yaks
  7 basilisks
  Menkaure (D:4)
  2 steam dragons
  17 water moccasins
  3 black bears
  A sky beast (D:7)
  5 orc warriors
  An ogre (D:5)
  13 wolves (Lair:2)
  4 centaurs
  A phantom (D:2)
  2 kobold brigands
  8 bullfrogs
  4 scorpions
  A gnoll sergeant (D:9)
  7 small abominations
  7 wights
  45 killer bees
  5 howler monkeys
  3 hounds (D:6)
  A gnoll bouda (D:5)
  3 orc priests
  5 iguanas
  A sleepcap (D:8)
  8 orc wizards
  A hell rat (D:11)
  8 gnolls
  11 adders
  A river rat (D:11)
  2 white imps
  An ufetubus (D:6)
  7 worms
  A dart slug (D:1)
  19 orcs
  6 ball pythons
  9 bats
  6 endoplasms
  6 giant cockroaches
  6 goblins
  8 hobgoblins
  13 jackals
  19 kobolds
  2 quokkas (D:2)
  4 frilled lizards
  11 rats
456 creatures vanquished.

Vanquished Creatures (others)
  An orc wizard (D:7)
  An orc (D:7)
2 creatures vanquished.

Grand Total: 458 creatures vanquished

Notes
Turn   | Place    | Note
-------+----------+-------------------------------------------
     0 | D:1      | qw the Gargoyle Hunter began the quest for the Orb.
     0 | D:1      | Reached XP level 1. HP: 12/12 MP: 1/1
     0 | D:1      | 0 ||| qw: Version: 0.3-a-76-g4403597
     0 | D:1      | 0 ||| qw: Game counter: 762
     0 | D:1      | 0 ||| qw: Melee chars always use a shield: true
     0 | D:1      | 0 ||| qw: God list: Okawaru
     0 | D:1      | 0 ||| qw: Allow faded altars: false
     0 | D:1      | 0 ||| qw: Do Orc after clearing Dungeon:15 true
     0 | D:1      | 0 ||| qw: Do second Lair branch before Depths: true
     0 | D:1      | 0 ||| qw: Lair rune preference: random
     0 | D:1      | 0 ||| qw: Goals: Normal
     0 | D:1      | 0 ||| PLANNING D:1-11
    81 | D:1      | Reached XP level 2. HP: 16/17 MP: 2/2
   181 | D:1      | Found Attih's Magic Scroll Boutique.
   184 | D:1      | 184 ||| SHOPLISTING scroll of enchant weapon (105 gold,
                  | have 23).
   184 | D:1      | 184 ||| SHOPLISTING scroll of identify (28 gold, have 23).
   184 | D:1      | 184 ||| SHOPLISTING scroll of teleportation (42 gold, have
                  | 23).
   223 | D:1      | Found Vuvuig's General Store.
   233 | D:1      | 233 ||| SHOPLISTING +0 helmet (63 gold, have 29).
   250 | D:1      | Found Cuecw's General Store.
   256 | D:1      | 256 ||| SHOPLISTING potion of curing (33 gold, have 29).
   282 | D:1      | Reached XP level 3. HP: 20/21 MP: 3/3
   367 | D:1      | Reached skill level 5 in Ranged Weapons
   753 | D:1      | 753 ||| UPGRADING to +0 ring mail.
   763 | D:1      | 763 ||| DROPPING +0 leather armour.
   764 | D:1      | 764 ||| DROPPING scroll of butterflies.
   797 | D:2      | Noticed a phantom
   811 | D:2      | Killed a phantom
   812 | D:2      | Reached skill level 3 in Armour
   812 | D:2      | Reached XP level 4. HP: 22/27 MP: 4/4
  1001 | D:2      | Reached XP level 5. HP: 31/31 MP: 5/5
  1090 | D:2      | Reached skill level 3 in Fighting
  1378 | D:2      | Found a faded altar of an unknown god.
  1629 | D:2      | 1629 ||| READING scroll labelled SOW VEUD FUAR.
  1633 | D:2      | 1633 ||| READING scroll labelled UJI DALIDEIL.
  2296 | D:3      | 2296 ||| UPGRADING to +6 ring of dexterity.
  2297 | D:3      | 2297 ||| READING scroll labelled LAAR IROAGE.
  2297 | D:3      | Identified a scroll of acquirement
  2297 | D:3      | 2297 ||| ACQUIRING +4 arbalest of freezing
  2297 | D:3      | Acquired a +4 arbalest of freezing
  2299 | D:3      | 2299 ||| SWAPPING to +4 arbalest of freezing.
  2300 | D:3      | 2300 ||| DROPPING +1 shortbow.
  2301 | D:3      | 2301 ||| DRINKING 2 purple potions.
  2302 | D:3      | 2302 ||| DRINKING 3 lumpy dark potions.
  2303 | D:3      | 2303 ||| DRINKING 2 bubbling red potions.
  2340 | D:4      | Reached XP level 6. HP: 37/37 MP: 6/6
  2426 | D:4      | Noticed Menkaure
  2430 | D:4      | Killed Menkaure
  2431 | D:4      | Reached skill level 6 in Ranged Weapons
  2610 | D:4      | Reached XP level 7. HP: 43/43 MP: 7/7
  2632 | D:4      | 2632 ||| READING scroll of enchant weapon.
  2632 | D:4      | 2632 ||| ENCHANTING +4 arbalest of freezing.
  2652 | D:4      | 2652 ||| READING scroll of enchant weapon.
  2652 | D:4      | 2652 ||| ENCHANTING +5 arbalest of freezing.
  2683 | D:4      | Found a staircase to the Ecumenical Temple.
  2684 | D:4      | 2684 ||| PLANNING TEMPLE
  2684 | D:4      | 2684 ||| READING 2 scrolls labelled VIEMELAYBY.
  2685 | D:4      | 2685 ||| READING scroll labelled AMUMPO ERARHI.
  2686 | D:4      | 2686 ||| DRINKING 2 grey potions.
  2695 | Temple   | Entered the Ecumenical Temple
  2696 | Temple   | 2696 ||| PLANNING OKAWARU WORSHIP
  2708 | Temple   | Became a worshipper of Warmaster Okawaru
  2709 | Temple   | 2709 ||| PLANNING D:1-11
  2781 | D:4      | 2781 ||| READING scroll of acquirement.
  2781 | D:4      | 2781 ||| ACQUIRING ring "Jeteokh" {rCorr Str+3}
  2781 | D:4      | Acquired the ring "Jeteokh" {rCorr Str+3}
  2783 | D:4      | 2783 ||| UPGRADING to ring "Jeteokh" {rCorr Str+3}.
  3028 | D:4      | 3028 ||| READING scroll labelled DOOREE RAGAQI.
  3043 | D:5      | Entered Level 5 of the Dungeon
  3050 | D:5      | Reached skill level 7 in Ranged Weapons
  3588 | D:5      | Found Ynnieph's Distillery.
  3594 | D:5      | 3594 ||| BUYING 2 potions of enlightenment (150 gold).
  3594 | D:5      | Bought 2 potions of enlightenment for 150 gold pieces
  3594 | D:5      | 3594 ||| BUYING potion of cancellation (120 gold).
  3594 | D:5      | Bought a potion of cancellation for 120 gold pieces
  3594 | D:5      | 3594 ||| BUYING potion of curing (45 gold).
  3594 | D:5      | Bought a potion of curing for 45 gold pieces
  3594 | D:5      | 3594 ||| SHOPLISTING potion of haste (150 gold, have 64).
  3594 | D:5      | 3594 ||| SHOPLISTING potion of heal wounds (75 gold, have
                  | 64).
  3594 | D:5      | 3594 ||| SHOPLISTING potion of mutation (120 gold, have
                  | 64).
  3681 | D:5      | Found a hazy altar of Hepliaklqana.
  3827 | D:5      | 3827 ||| READING 3 scrolls of identify.
  3827 | D:5      | 3827 ||| IDENTIFYING bubbling blue potion
  3828 | D:5      | 3828 ||| READING 2 scrolls of identify.
  3828 | D:5      | 3828 ||| IDENTIFYING orange potion
  3829 | D:5      | 3829 ||| DROPPING potion of lignification.
  3830 | D:5      | 3830 ||| DROPPING potion of ambrosia.
  3988 | D:6      | 3988 ||| READING scroll of enchant weapon.
  3988 | D:6      | 3988 ||| ENCHANTING +6 arbalest of freezing.
  4125 | D:6      | Reached skill level 8 in Ranged Weapons
  4126 | D:6      | Reached XP level 8. HP: 48/48 MP: 8/8
  4158 | D:6      | Reached * piety under Okawaru
  4274 | D:6      | Found a sacrificial altar of Ru.
  4283 | D:6      | Found a shadowy altar of Dithmenos.
  4356 | D:6      | 4356 ||| UPGRADING to +0 pair of boots.
  4361 | D:6      | 4361 ||| READING scroll labelled PATOGGE NIGO.
  4362 | D:6      | 4362 ||| READING 4 scrolls of identify.
  4362 | D:6      | 4362 ||| IDENTIFYING viscous amethyst potion
  4363 | D:6      | 4363 ||| READING 3 scrolls of identify.
  4363 | D:6      | 4363 ||| IDENTIFYING lumpy cyan potion
  4364 | D:6      | 4364 ||| DROPPING potion of brilliance.
  4372 | D:7      | 4372 ||| RETREATING.
  4373 | D:7      | 4373 ||| Stepping ~*~*~tactically~*~*~ (retreating).
  4374 | D:7      | 4374 ||| Stepping ~*~*~tactically~*~*~ (retreating).
  4375 | D:7      | 4375 ||| Stepping ~*~*~tactically~*~*~ (retreating).
  4376 | D:7      | 4376 ||| Stepping ~*~*~tactically~*~*~ (retreating).
  4377 | D:7      | 4377 ||| INVOKING Heroism.
  4385 | D:7      | Reached skill level 1 in Invocations
  4386 | D:7      | 4386 ||| INVOKING Heroism.
  4413 | D:7      | 4413 ||| INVOKING Heroism.
  4635 | D:7      | Reached skill level 9 in Ranged Weapons
  4690 | D:7      | Found a snail-covered altar of Cheibriados.
  4692 | D:7      | Found Cheibriados's Comfort Zone.
  4701 | D:7      | 4701 ||| SHOPLISTING +3 hat of Pondering {ponderous, Will+
                  | MP+10 Int+5} (419 gold, have 235).
  4983 | D:7      | Reached skill level 3 in Invocations
  5019 | D:7      | Reached skill level 6 in Fighting
  5241 | D:7      | 5241 ||| UPGRADING to +0 pair of gloves.
  5246 | D:7      | 5246 ||| UPGRADING to +5 ring of evasion.
  5248 | D:7      | 5248 ||| DROPPING ring of ice.
  5249 | D:7      | 5249 ||| DROPPING ring "Jeteokh" {rCorr Str+3}.
  5250 | D:7      | 5250 ||| READING scroll labelled IGEVYANEIL.
  5369 | D:8      | 5369 ||| Stepping ~*~*~tactically~*~*~ (retreating).
  5372 | D:8      | Reached XP level 9. HP: 51/55 MP: 11/11
  5372 | D:8      | 5372 ||| Stepping ~*~*~tactically~*~*~ (retreating).
  5373 | D:8      | 5373 ||| Stepping ~*~*~tactically~*~*~ (retreating).
  5426 | D:8      | 5426 ||| RETREATING.
  5428 | D:8      | Reached skill level 3 in Dodging
  5429 | D:8      | 5429 ||| Stepping ~*~*~tactically~*~*~ (retreating).
  5436 | D:8      | Reached ** piety under Okawaru
  5576 | D:8      | Noticed a two-headed ogre
  5577 | D:8      | 5577 ||| INVOKING Heroism.
  5582 | D:8      | Killed a two-headed ogre
  5583 | D:8      | Reached skill level 11 in Ranged Weapons
  5683 | D:8      | 5683 ||| Stepping ~*~*~tactically~*~*~ (outnumbered).
  5685 | D:8      | 5685 ||| INVOKING Heroism.
  5690 | D:8      | 5690 ||| Stepping ~*~*~tactically~*~*~ (outnumbered).
  5733 | D:8      | 5733 ||| READING scroll of enchant weapon.
  5733 | D:8      | 5733 ||| ENCHANTING +7 arbalest of freezing.
  5737 | D:8      | Identified the +1 leather armour of the Unbroken {rC+
                  | Str+3}
  5893 | D:8      | 5893 ||| INVOKING Heroism.
  5974 | D:8      | 5974 ||| INVOKING Heroism.
  5994 | D:8      | Reached XP level 10. HP: 64/64 MP: 13/13
  6222 | D:8      | 6222 ||| UPGRADING to +1 leather armour of the Unbroken
                  | {rC+ Str+3}.
  6232 | D:8      | 6232 ||| DROPPING +0 ring mail.
  6233 | D:8      | 6233 ||| READING scroll labelled TUSOTH SUSHA.
  6234 | D:8      | 6234 ||| READING 3 scrolls of identify.
  6234 | D:8      | 6234 ||| IDENTIFYING pink potion
  6235 | D:8      | 6235 ||| DRINKING potion of experience.
  6235 | D:8      | Reached skill level 9 in Dodging
  6235 | D:8      | Reached XP level 11. HP: 68/68 MP: 14/14
  6351 | D:9      | 6351 ||| INVOKING Heroism.
  6513 | D:9      | 6513 ||| INVOKING Heroism.
  6715 | D:9      | Found a runed translucent door.
  6716 | D:9      | Noticed qw's ghost (novice GrHs)
  6718 | D:9      | Identified the +8 spear of qw's Extinguishment {freeze,
                  | +Blink Str+5 Stlth-}
  7059 | D:9      | 7059 ||| Stepping ~*~*~tactically~*~*~ (outnumbered).
  7061 | D:9      | 7061 ||| Stepping ~*~*~tactically~*~*~ (outnumbered).
  7066 | D:9      | 7066 ||| Stepping ~*~*~tactically~*~*~ (outnumbered).
  7068 | D:9      | 7068 ||| Stepping ~*~*~tactically~*~*~ (outnumbered).
  7071 | D:9      | Noticed Jeremiah
  7072 | D:9      | 7072 ||| Stepping ~*~*~tactically~*~*~ (outnumbered).
  7074 | D:9      | 7074 ||| Stepping ~*~*~tactically~*~*~ (outnumbered).
  7076 | D:9      | 7076 ||| Stepping ~*~*~tactically~*~*~ (outnumbered).
  7085 | D:9      | 7085 ||| Stepping ~*~*~tactically~*~*~ (outnumbered).
  7089 | D:9      | 7089 ||| INVOKING Heroism.
  7092 | D:9      | 7092 ||| READING scroll labelled BAINEIRE NEPA.
  7093 | D:9      | Killed Jeremiah
  7335 | D:9      | 7335 ||| READING scroll labelled XOGGAC WONEU.
  7336 | D:9      | 7336 ||| READING 4 scrolls of identify.
  7336 | D:9      | 7336 ||| IDENTIFYING green potion
  7337 | D:9      | 7337 ||| READING 3 scrolls of identify.
  7337 | D:9      | 7337 ||| IDENTIFYING sapphire potion
  7338 | D:9      | 7338 ||| DROPPING potion of attraction.
  7401 | D:10     | Entered Level 10 of the Dungeon
  7541 | D:10     | 7541 ||| INVOKING Heroism.
  7605 | D:10     | 7605 ||| Stepping ~*~*~tactically~*~*~ (retreating).
  7606 | D:10     | 7606 ||| Stepping ~*~*~tactically~*~*~ (retreating).
  7608 | D:10     | 7608 ||| Stepping ~*~*~tactically~*~*~ (retreating).
  7609 | D:10     | 7609 ||| Stepping ~*~*~tactically~*~*~ (retreating).
  7610 | D:10     | 7610 ||| Stepping ~*~*~tactically~*~*~ (retreating).
  7618 | D:10     | Reached skill level 12 in Ranged Weapons
  7699 | D:10     | 7699 ||| SWAPPING to +0 longbow.
  7702 | D:10     | 7702 ||| DROPPING +8 arbalest of freezing.
  8113 | D:11     | Noticed a white ugly thing
  8122 | D:11     | 8122 ||| INVOKING Heroism.
  8122 | D:11     | HP: 11/68 [white ugly thing (8)]
  8123 | D:11     | 8123 ||| DRINKING potion of heal wounds.
  8124 | D:11     | Killed a white ugly thing
  8140 | D:11     | Reached *** piety under Okawaru
  8333 | D:11     | Noticed a deep elf pyromancer
  8340 | D:11     | 8340 ||| INVOKING Heroism.
  8343 | D:11     | Killed a deep elf pyromancer
  8480 | D:11     | Noticed a two-headed ogre
  8481 | D:11     | 8481 ||| INVOKING Heroism.
  8488 | D:11     | Killed a two-headed ogre
  8489 | D:11     | Reached skill level 13 in Ranged Weapons
  8527 | D:11     | Noticed a green ugly thing
  8536 | D:11     | Killed a green ugly thing
  8599 | D:11     | Identified the ring of Pomet {rCorr Int+5}
  8664 | D:11     | Found a staircase to the Orcish Mines.
  8698 | D:11     | Noticed a death yak
  8698 | D:11     | Noticed a death yak
  8699 | D:11     | 8699 ||| RETREATING.
  8700 | D:11     | 8700 ||| INVOKING Heroism.
  8705 | D:11     | Noticed a death yak
  8710 | D:11     | Killed a death yak
  8711 | D:11     | Reached skill level 9 in Fighting
  8715 | D:11     | Killed a death yak
  8715 | D:11     | Reached **** piety under Okawaru
  8719 | D:11     | HP: 9/71 [death yak (23)]
  8722 | D:11     | Killed a death yak
  8934 | D:11     | Found a staircase to the Lair.
  8969 | D:11     | Noticed a cyclops
  8970 | D:11     | 8970 ||| INVOKING Heroism.
  8975 | D:11     | 8975 ||| RETREATING.
  8985 | D:11     | Killed a cyclops
  8986 | D:11     | Reached XP level 12. HP: 49/76 MP: 13/15
  9501 | D:11     | 9501 ||| PLANNING LAIR
  9501 | D:11     | 9501 ||| UPGRADING to +0 helmet.
  9506 | D:11     | 9506 ||| DROPPING ring of Pomet {rCorr Int+5}.
  9507 | D:11     | 9507 ||| READING 5 scrolls of identify.
  9507 | D:11     | 9507 ||| IDENTIFYING bubbling coppery potion
  9508 | D:11     | 9508 ||| READING 4 scrolls of identify.
  9508 | D:11     | 9508 ||| IDENTIFYING smoky emerald potion
  9509 | D:11     | 9509 ||| DROPPING potion of degeneration.
  9510 | D:11     | 9510 ||| DROPPING potion of berserk rage.
  9528 | Lair:1   | Entered Level 1 of the Lair of Beasts
  9529 | Lair:1   | 9529 ||| INVOKING Heroism.
  9553 | Lair:1   | 9553 ||| INVOKING Heroism.
  9604 | Lair:1   | Reached skill level 6 in Invocations
  9657 | Lair:1   | 9657 ||| RETREATING.
  9661 | Lair:1   | 9661 ||| INVOKING Heroism.
  9685 | Lair:1   | Reached skill level 14 in Ranged Weapons
  9775 | Lair:1   | 9775 ||| INVOKING Heroism.
  9790 | Lair:1   | Reached ***** piety under Okawaru
  9844 | Lair:1   | 9844 ||| INVOKING Heroism.
  9983 | Lair:1   | 9983 ||| INVOKING Heroism.
 10244 | Lair:1   | 10244 ||| UPGRADING to scarf of resistance.
 10249 | Lair:1   | 10249 ||| DROPPING ring of resist corrosion.
 10250 | Lair:1   | 10250 ||| DROPPING ring of flight.
 10289 | Lair:2   | 10289 ||| RETREATING.
 10299 | Lair:2   | 10299 ||| INVOKING Heroism.
 10320 | Lair:2   | 10320 ||| INVOKING Heroism.
 10337 | Lair:2   | HP: 16/77 [spriggan/+0 dagger (6)]
 10338 | Lair:2   | 10338 ||| READING scroll of teleportation.
 10339 | Lair:2   | 10339 ||| DRINKING potion of heal wounds.
 10554 | Lair:2   | 10554 ||| RETREATING.
 10555 | Lair:2   | 10555 ||| Stepping ~*~*~tactically~*~*~ (retreating).
 10556 | Lair:2   | 10556 ||| Stepping ~*~*~tactically~*~*~ (retreating).
 10618 | Lair:2   | 10618 ||| RETREATING.
 10618 | Lair:2   | Found a staircase to the Swamp.
 10696 | Lair:2   | Found a hole to the Spider Nest.
 10800 | Lair:2   | 10800 ||| RETREATING.
 10807 | Lair:2   | Reached skill level 9 in Invocations
 10847 | Lair:2   | 10847 ||| RETREATING.
 10863 | Lair:2   | Reached XP level 13. HP: 82/82 MP: 18/20
 10916 | Lair:2   | 10916 ||| RETREATING.
 10920 | Lair:2   | 10920 ||| Stepping ~*~*~tactically~*~*~ (retreating).
 10960 | Lair:2   | 10960 ||| RETREATING.
 10962 | Lair:2   | 10962 ||| Stepping ~*~*~tactically~*~*~ (retreating).
 10963 | Lair:2   | 10963 ||| Stepping ~*~*~tactically~*~*~ (retreating).
 11078 | Lair:2   | 11078 ||| INVOKING Heroism.
 11443 | Lair:2   | 11443 ||| READING scroll labelled WOAXUI KAALI.
 11444 | Lair:2   | 11444 ||| READING 5 scrolls of identify.
 11444 | Lair:2   | 11444 ||| IDENTIFYING glowing sapphire potion
 11509 | Lair:3   | 11509 ||| INVOKING Heroism.
 11719 | Lair:3   | Received a gift from Okawaru
 11732 | Lair:3   | 11732 ||| INVOKING Heroism.
 11740 | Lair:3   | 11740 ||| Stepping ~*~*~tactically~*~*~ (retreating).
 11741 | Lair:3   | 11741 ||| Stepping ~*~*~tactically~*~*~ (retreating).
 11750 | Lair:3   | Reached skill level 15 in Ranged Weapons
 11868 | Lair:3   | 11868 ||| INVOKING Heroism.
 12288 | Lair:3   | 12288 ||| READING 5 scrolls of identify.
 12288 | Lair:3   | 12288 ||| IDENTIFYING fizzy dark potion
 12304 | Lair:4   | 12304 ||| PLANNING GAUNTLET
 12307 | Lair:4   | 12307 ||| INVOKING Heroism.
 12315 | Lair:4   | 12315 ||| STAIRDANCE
 12370 | Lair:4   | Found a gate leading to a gauntlet.
 12373 | Lair:4   | 12373 ||| INVOKING Heroism.
 12375 | Lair:4   | 12375 ||| RETREATING.
 12391 | Lair:4   | 12391 ||| Stepping ~*~*~tactically~*~*~ (retreating).
 12392 | Lair:4   | 12392 ||| Stepping ~*~*~tactically~*~*~ (retreating).
 12393 | Lair:4   | 12393 ||| Stepping ~*~*~tactically~*~*~ (retreating).
 12394 | Lair:4   | 12394 ||| Stepping ~*~*~tactically~*~*~ (retreating).
 12402 | Lair:4   | Identified the +2 cloak "Lirch" {Will+ Dex+3} (Okawaru
                  | gifted it to you on level 4 of the Lair of Beasts)
 12402 | Lair:4   | Received a gift from Okawaru
 12417 | Gauntlet | Entered a Gauntlet
 12417 | Gauntlet | Found a large runed translucent door.
 12417 | Gauntlet | Found a large runed translucent door.
 12417 | Gauntlet | Found a large runed translucent door.
 12417 | Gauntlet | Found a large runed translucent door.
 12417 | Gauntlet | Found a large runed translucent door.
 12417 | Gauntlet | Found a large runed translucent door.
 12417 | Gauntlet | Found a large runed translucent door.
 12417 | Gauntlet | Found a large runed translucent door.
 12417 | Gauntlet | Found a runed translucent door.
 12417 | Gauntlet | Found a runed translucent gate.
 12417 | Gauntlet | Found a transporter.
 12417 | Gauntlet | Found a transporter.
 12417 | Gauntlet | Found a runed translucent gate.
 12417 | Gauntlet | Found a transporter.
 12421 | Gauntlet | Found a transporter.
 12421 | Gauntlet | Found a transporter.
 12421 | Gauntlet | Found a transporter.
 12425 | Gauntlet | Found a runed translucent gate.
 12425 | Gauntlet | Found a runed translucent door.
 12426 | Gauntlet | Found a large runed translucent door.
 12426 | Gauntlet | Found a large runed translucent door.
 12435 | Gauntlet | Found a transporter.
 12437 | Gauntlet | Found a transporter.
 12449 | Gauntlet | Found a transporter.
 12491 | Gauntlet | Found a large runed translucent door.
 12491 | Gauntlet | Found a large runed translucent door.
 12494 | Gauntlet | Found a large runed translucent door.
 12494 | Gauntlet | Found a large runed translucent door.
 12495 | Gauntlet | Found a large runed translucent door.
 12496 | Gauntlet | Found a large runed translucent door.
 12549 | Gauntlet | Found a transporter.
 12551 | Gauntlet | Found a transporter.
 12566 | Gauntlet | Found a transporter.
 12634 | Gauntlet | 12634 ||| Stepping ~*~*~tactically~*~*~ (retreating).
 12635 | Gauntlet | 12635 ||| Stepping ~*~*~tactically~*~*~ (retreating).
 12636 | Gauntlet | 12636 ||| Stepping ~*~*~tactically~*~*~ (retreating).
 12680 | Gauntlet | 12680 ||| READING scroll of enchant armour.
 12680 | Gauntlet | 12680 ||| ENCHANTING +0 pair of gloves.
 12689 | Gauntlet | 12689 ||| RETREATING.
 12696 | Gauntlet | 12696 ||| INVOKING Heroism.
 12761 | Gauntlet | 12761 ||| Stepping ~*~*~tactically~*~*~ (retreating).
 12765 | Gauntlet | 12765 ||| Stepping ~*~*~tactically~*~*~ (retreating).
 12766 | Gauntlet | 12766 ||| Stepping ~*~*~tactically~*~*~ (retreating).
 12767 | Gauntlet | 12767 ||| Stepping ~*~*~tactically~*~*~ (retreating).
 12785 | Gauntlet | 12785 ||| INVOKING Heroism.
 12798 | Gauntlet | Reached skill level 16 in Ranged Weapons
 12912 | Gauntlet | Identified the ring of Uptine {Will+ Str+3 Dex+6}
 12914 | Gauntlet | 12914 ||| DROPPING ring of protection from fire.
 12915 | Gauntlet | 12915 ||| UPGRADING to ring of Uptine {Will+ Str+3 Dex+6}.
 12917 | Gauntlet | 12917 ||| UPGRADING to +6 ring of dexterity.
 12919 | Gauntlet | 12919 ||| DROPPING +5 ring of evasion.
 12932 | Gauntlet | Noticed a minotaur
 12933 | Gauntlet | 12933 ||| INVOKING Heroism.
 12934 | Gauntlet | 12934 ||| INVOKING Finesse.
 12945 | Gauntlet | HP: 19/82 [minotaur/staff of poison (25)]
 12946 | Gauntlet | Killed a minotaur
 13192 | Gauntlet | 13192 ||| DROPPING +1 robe of willpower.
 13193 | Gauntlet | 13193 ||| DROPPING ring of positive energy.
 13194 | Gauntlet | 13194 ||| READING scroll labelled UCOONN XEUXAH.
 13205 | Lair:4   | 13205 ||| PLANNING LAIR
 13224 | Lair:4   | 13224 ||| RETREATING.
 13228 | Lair:4   | 13228 ||| RETREATING.
 13285 | Lair:4   | 13285 ||| RETREATING.
 13393 | Lair:4   | 13393 ||| INVOKING Heroism.
 13397 | Lair:4   | 13397 ||| RETREATING.
 13456 | Lair:4   | 13456 ||| INVOKING Heroism.
 13554 | Lair:4   | 13554 ||| INVOKING Heroism.
 13557 | Lair:4   | 13557 ||| RETREATING.
 13577 | Lair:4   | 13577 ||| Stepping ~*~*~tactically~*~*~ (retreating).
 13578 | Lair:4   | 13578 ||| Stepping ~*~*~tactically~*~*~ (retreating).
 13579 | Lair:4   | 13579 ||| Stepping ~*~*~tactically~*~*~ (retreating).
 13580 | Lair:4   | 13580 ||| Stepping ~*~*~tactically~*~*~ (retreating).
 13581 | Lair:4   | 13581 ||| Stepping ~*~*~tactically~*~*~ (retreating).
 13582 | Lair:4   | 13582 ||| Stepping ~*~*~tactically~*~*~ (retreating).
 13595 | Lair:4   | Gained mutation: Your large and strong wings let you fly.
                  | [Gargoyle growth]
 13595 | Lair:4   | Reached XP level 14. HP: 74/90 MP: 21/21
 13595 | Lair:4   | 13595 ||| INVOKING Finesse.
 13708 | Lair:4   | Identified the +5 hand axe "Yguran" {flame, Int+4}
 13778 | Lair:4   | 13778 ||| READING scroll of enchant weapon.
 13778 | Lair:4   | 13778 ||| ENCHANTING +0 longbow.
 14061 | Lair:4   | 14061 ||| UPGRADING to +2 cloak "Lirch" {Will+ Dex+3}.
 14095 | Lair:5   | Entered Level 5 of the Lair of Beasts
 14099 | Lair:5   | 14099 ||| FLEEEEING.
 14117 | Lair:5   | 14117 ||| INVOKING Heroism.
 14138 | Lair:5   | Reached skill level 17 in Ranged Weapons
 14161 | Lair:5   | 14161 ||| Stepping ~*~*~tactically~*~*~ (cloud).
 14166 | Lair:5   | 14166 ||| Stepping ~*~*~tactically~*~*~ (retreating).
 14169 | Lair:5   | 14169 ||| INVOKING Heroism.
 14277 | Lair:5   | 14277 ||| RETREATING.
 14279 | Lair:5   | 14279 ||| Stepping ~*~*~tactically~*~*~ (retreating).
 14280 | Lair:5   | 14280 ||| Stepping ~*~*~tactically~*~*~ (retreating).
 14282 | Lair:5   | 14282 ||| RETREATING.
 14328 | Lair:5   | 14328 ||| Stepping ~*~*~tactically~*~*~ (outnumbered).
 14331 | Lair:5   | 14331 ||| INVOKING Heroism.
 14397 | Lair:5   | 14397 ||| RETREATING.
 14405 | Lair:5   | 14405 ||| INVOKING Heroism.
 14460 | Lair:5   | 14460 ||| FLEEEEING.
 14461 | Lair:5   | 14461 ||| FLEEEEING.
 14462 | Lair:5   | 14462 ||| STAIRDANCE
 14498 | Lair:5   | 14498 ||| STAIRDANCE
 14579 | Lair:5   | 14579 ||| Stepping ~*~*~tactically~*~*~ (retreating).
 14580 | Lair:5   | 14580 ||| Stepping ~*~*~tactically~*~*~ (retreating).
 14597 | Lair:5   | 14597 ||| Stepping ~*~*~tactically~*~*~ (retreating).
 14615 | Lair:5   | 14615 ||| INVOKING Heroism.
 14626 | Lair:5   | 14626 ||| Stepping ~*~*~tactically~*~*~ (retreating).
 14639 | Lair:5   | Reached skill level 18 in Ranged Weapons
 14935 | Lair:5   | 14935 ||| RETREATING.
 14940 | Lair:5   | 14940 ||| Stepping ~*~*~tactically~*~*~ (retreating).
 14941 | Lair:5   | 14941 ||| Stepping ~*~*~tactically~*~*~ (retreating).
 14943 | Lair:5   | 14943 ||| Stepping ~*~*~tactically~*~*~ (retreating).
 14944 | Lair:5   | 14944 ||| Stepping ~*~*~tactically~*~*~ (retreating).
 14945 | Lair:5   | 14945 ||| Stepping ~*~*~tactically~*~*~ (retreating).
 14946 | Lair:5   | 14946 ||| Stepping ~*~*~tactically~*~*~ (retreating).
 14955 | Lair:5   | 14955 ||| Stepping ~*~*~tactically~*~*~ (outnumbered).
 14958 | Lair:5   | 14958 ||| Stepping ~*~*~tactically~*~*~ (retreating).
 14960 | Lair:5   | 14960 ||| Stepping ~*~*~tactically~*~*~ (retreating).
 14961 | Lair:5   | 14961 ||| Stepping ~*~*~tactically~*~*~ (retreating).
 15026 | Lair:5   | 15026 ||| INVOKING Heroism.
 15071 | Lair:5   | 15071 ||| INVOKING Heroism.
 15079 | Lair:5   | Reached skill level 12 in Fighting
 15132 | Lair:5   | Noticed Rupert
 15134 | Lair:5   | 15134 ||| INVOKING Heroism.
 15136 | Lair:5   | 15136 ||| INVOKING Finesse.
 15233 | Lair:5   | Found a staircase to the Slime Pits.
 15247 | Lair:5   | 15247 ||| INVOKING Heroism.
 15257 | Lair:5   | HP: 13/92 [Rupert/+2 great mace of protection (30)]
 15258 | Lair:5   | 15258 ||| READING 5 scrolls of teleportation.
 15258 | Lair:5   | Slain by Rupert

Levels and vault maps discovered:
D:1:      heliophobic_arrival_glass_houses, layout_basic, serial_shops, shop,
          shop, shop, dreamdust_princess_corridor,
          chequers_serial_rivers_micro_d, minmay_tromino_v4_c
D:2:      layout_basic, shapermc_ecumenical_altar_mp_vishouse,
          roderic_roman_lattice, minmay_diced_spiral
D:3:      layout_basic, serial_bayou_lake_a
D:4:      layout_loops_ring, minmay_temple_entry_antechambers, uniq_menkaure
D:5:      layout_loops_corners, worldfamousw_hep_ancestral_shrine, serial_shops,
          shop, minivault_24
D:6:      layout_gridville, mainiacjoe_overflow_swirl
D:7:      layout_basic, grunt_ministairs_13, minmay_shop_chei
D:8:      layout_basic
D:9:      layout_stronghold, ebering_ghost_funeral_grove, uniq_jeremiah
D:10:     nicolae_cairo_tiling_very_big, layout_irregular_city
D:11:     layout_irregular_city, dpeg_lair_monsters, orc_0_dummy
Temple:   hellmonk_temple_of_storms
Lair:1:   layout_chaotic_city, st_stairs_5, amcnicky_mini_pool_medium
Lair:2:   layout_roguey [special_room_bee], minmay_swamp_entry_reptiles,
          nicolae_spider_entry_non_spiders, grunt_forest_stairs_clearing
Lair:3:   layout_chaotic_city, serial_bayou_crossing, grunt_megastairs_5
Lair:4:   wander_river, layout_gridlike, gauntlet_entry_generic
Lair:5:   hellmonk_lair_end_abyssal_woods, layout_regular_city,
          dpeg_slime_entry_enclosed, grunt_forest_large_clearing_hut,
          uniq_rupert

Skill      XL: |  1  2  3  4  5  6  7  8  9 10 11 12 13 14 |
---------------+-------------------------------------------+-----
Ranged Weapons | 5 6 8 9 11 13 14 16 18 | 18.0
Armour         | 3 4 5 |  5.7
Fighting       | 3 4 6 7 8 9 10 11 12 | 12.0
Dodging        | 2 3 9 |  9.4
Invocations    | 3 4 5 9 10 | 10.0
Stealth        | |  1.1

Action                     |  1- 3 |  4- 6 |  7- 9 | 10-12 | 13-15 || total
---------------------------+-------+-------+-------+-------+-------++-------
   Fire: Shortbow          |    72 |   146 |       |       |       ||   218
         Arbalest          |       |    26 |   145 |    60 |       ||   231
         Longbow           |       |       |       |   438 |   718 ||  1156
 Invoke: Heroism           |       |       |     7 |    17 |    21 ||    45
         Finesse           |       |       |       |       |     3 ||     3
    Use: Scroll            |       |     3 |    14 |     9 |     7 ||    33
         Potion            |       |     3 |     1 |     3 |       ||     7
 Armour: Leather armour    |    20 |       |       |   124 |   171 ||   315
         Ring mail         |     7 |    56 |    82 |       |       ||   145
  Dodge: Dodged            |    18 |    66 |    94 |   370 |   481 ||  1029

Table legend:
 A = Non-vault XP
 B = Vault XP
 C = Vault XP percentage of total XP
 D = Non-vault monster count
 E = Vault monster count
 F = Vault count percentage of total count
                 A         B        C        D         E       F
            +---------+---------+-------+---------+---------+-------
      Total |   50918 |   20952 |  29.2 |     339 |     117 |  25.7
            +---------+---------+-------+---------+---------+-------
        D:1 |      41 |       4 |   8.9 |      22 |       3 |  12.0
        D:2 |     203 |      25 |  11.0 |      32 |       6 |  15.8
        D:3 |      45 |       0 |   0.0 |      13 |       0 |   0.0
        D:4 |     217 |     172 |  44.2 |      18 |       1 |   5.3
        D:5 |     268 |       0 |   0.0 |       9 |       0 |   0.0
        D:6 |     366 |       0 |   0.0 |      13 |       0 |   0.0
        D:7 |     495 |     303 |  38.0 |       9 |       2 |  18.2
        D:8 |    2608 |       0 |   0.0 |      28 |       0 |   0.0
        D:9 |    1227 |     429 |  25.9 |      25 |       1 |   3.8
       D:10 |    1320 |       0 |   0.0 |      19 |       0 |   0.0
       D:11 |    5054 |    2435 |  32.5 |      18 |       7 |  28.0
     Lair:1 |    4613 |    1309 |  22.1 |      16 |       5 |  23.8
     Lair:2 |    4608 |    3900 |  45.8 |      28 |      44 |  61.1
     Lair:3 |    5599 |     355 |   6.0 |      17 |       2 |  10.5
     Lair:4 |   11554 |      87 |   0.7 |      34 |       1 |   2.9
     Lair:5 |   12700 |    6976 |  35.5 |      38 |      25 |  39.7
   Gauntlet |       0 |    4957 | 100.0 |       0 |      20 | 100.0
            +---------+---------+-------+---------+---------+-------
